 Dungeon Crawl Stone Soup version 0.18-a0-1526-gcb34c7c (webtiles) character file.

503 dvd the Stinger (level 7, -3/43 HPs)
             Began as an Octopode Venom Mage on Mar 8, 2016.
             Slain by Duvessa
             ... wielding a +0 short sword
              (11 damage)
             ... on level 6 of the Dungeon.
             The game lasted 00:16:45 (6181 turns).

dvd the Stinger (Octopode Venom Mage)               Turns: 6181, Time: 00:16:46

Health: -3/43      AC:  1    Str:  8    XL:     7   Next: 17%
Magic:  6/13       EV: 12    Int: 19    God:
Gold:   181        SH:  4    Dex: 14    Spells: 4 memorised, 4 levels left

rFire  . . .     SeeInvis .     o - +1 war axe (chop)
rCold  . . .     Gourm    .     s - +1 buckler
rNeg   . . .     Faith    .     (helmet restricted)
rPois  .         Spirit   .     (no amulet)
rElec  .         Dismiss  .     g - +2 ring of dexterity
rCorr  .         Reflect  .     (no ring)
SustAt .         Harm     .     (no ring)
MR     .....                    (no ring)
Stlth  ++++......               (no ring)
                                (no ring)
                                (no ring)
                                (no ring)

@: not resistant to hostile enchantments, stealthy
A: almost no armour, amphibious, 8 rings, constrict 8, camouflage 1, gelatinous
body 1
a: no special abilities


You were on level 6 of the Dungeon.
You were not hungry.

You visited 1 branch of the dungeon, and saw 6 of its levels.

You collected 181 gold pieces.

Inventory:

Hand Weapons
 o - a +1 war axe of chopping (weapon)
 p - a +1 dagger of holy wrath
 t - a +1 dagger of draining
 y - a +4 mace
Armour
 s - a +1 buckler (worn)
Jewellery
 g - a +2 ring of dexterity (left tentacle)
Wands
 v - a wand of slowing (45/48)
Scrolls
 c - a scroll of identify
 e - 2 scrolls of remove curse
 j - 2 scrolls of teleportation
Potions
 d - a potion of degeneration {unknown}
 h - 2 potions of curing
 i - a potion of haste {unknown}
 k - 2 potions of lignification {unknown}
 l - a potion of magic {unknown}
 m - a potion of invisibility {unknown}
 r - a potion of heal wounds {unknown}
 A - a potion of might {unknown}
Books
 a - a Young Poisoner's Handbook

   Spells                             Type                      Level
   a - Sting                          Conjuration/Poison           1
   b - Cure Poison                    Poison                       2
   c - Mephitic Cloud                 Conjuration/Poison/Air       3
   d - Olgreb's Toxic Radiance        Poison                       4
   e - Venom Bolt                     Conjuration/Poison           5
Comestibles
 b - 2 bread rations
 f - a chunk of flesh


   Skills:
 + Level 1.0 Fighting
 + Level 1.1 Axes
 + Level 3.1 Dodging
 + Level 3.7 Stealth
 + Level 0.2 Shields
 + Level 0.4 Unarmed Combat
 + Level 4.0 Spellcasting
 + Level 2.4 Conjurations
 + Level 6.7 Poison Magic


You had 4 spell levels left.
You knew the following spells:

 Your Spells              Type           Power        Failure   Level  Hunger
a - Sting                 Conj/Pois      ###.         3%          1    None
b - Cure Poison           Pois           ####......   1%          2    ##.....
c - Mephitic Cloud        Conj/Pois/Air  ###.....     21%         3    ###....
d - Olgreb's Toxic Radia  Pois           ####....     17%         4    ####...


Dungeon Overview and Level Annotations

Branches:
Dungeon (6/15)
 Temple: D:4-7

Altars:
Cheibriados
Fedhas
Kikubaaqudgha
Okawaru
Qazlal
Ru
Vehumet
Yredelemnul

Shops:
D:6 [

Annotations:
D:6 Dowan; Duvessa; dvd's ghost, novice OpVM


Innate Abilities, Weirdness & Mutations

You cannot wear most types of armour.
You are amphibious.
You can wear up to eight rings at the same time.
You can use your tentacles to constrict eight enemies at once.
Your skin changes colour to match your surroundings (Stealth).
Your rubbery body absorbs attacks (AC +1).


Message History

You slash Duvessa! Your grab misses Duvessa.
Duvessa is heavily wounded.
Duvessa hits you with a short sword.
Casting: Sting
Confirm with . or Enter, or press ? or * to list all spells.
Aiming: Sting
Press: ? - help, Shift-Dir - straight line, f/p - Duvessa
Aim: Duvessa, wielding a short sword and wearing a ring mail (heavily wounded, poisoned)
The sting hits Duvessa.
Duvessa appears unharmed.
Duvessa is heavily wounded.
Duvessa hits you with a short sword.
* * * LOW HITPOINT WARNING * * *
Dowan, Brother of Duvessa comes into view.
He is wielding a dagger of venom.
You barely miss Duvessa. Your grab misses Duvessa.
Duvessa is heavily wounded.
Duvessa hits you with a short sword.
* * * LOW HITPOINT WARNING * * *
Dowan casts a spell at Duvessa.
Duvessa seems to speed up.
Duvessa hits you with a short sword!
You die...

#..#..# #..#..#
###..#..##.#
....#..##.# .
##..#..##.###
#.##.........(..
.............#
..........e..#####
...............e@#
.................#
..##.............#
. #..###...######
#..........
#..........
####.#..#.#.
#.#..#.#.#
#.#..#.# #


You could see Duvessa and Dowan.

Vanquished Creatures
  An ogre (D:4)
  A giant frog (D:6)
  A giant frog skeleton (D:4)
  A hound (D:4)
  2 orc priests (D:3)
  An orc wizard (D:5)
  A worker ant (D:4)
  A howler monkey skeleton (D:5)
  A gnoll (D:4)
  4 adders
  A shadow imp (D:6)
  An ooze (D:2)
  3 dart slugs
  3 giant geckos
  21 orcs
  2 ball pythons
  8 bats
  5 giant cockroaches
  5 goblins
  10 hobgoblins
  A quokka (D:4)
  5 giant newts
  9 kobolds
  A quokka skeleton (D:4)
  9 rats
98 creatures vanquished.

Notes
Turn   | Place    | Note
--------------------------------------------------------------
     0 | D:1      | dvd the Octopode Venom Mage began the quest for the Orb.
     0 | D:1      | Reached XP level 1. HP: 11/11 MP: 3/3
    60 | D:1      | Reached skill level 5 in Poison Magic
   282 | D:1      | Reached XP level 2. HP: 17/17 MP: 3/5
   308 | D:1      | Learned a level 2 spell: Cure Poison
  1012 | D:2      | Reached XP level 3. HP: 13/21 MP: 0/6
  1640 | D:2      | Reached XP level 4. HP: 27/27 MP: 2/7
  1693 | D:2      | Reached skill level 6 in Poison Magic
  1816 | D:2      | Found a blossoming altar of Fedhas.
  1817 | D:2      | Found a basalt altar of Yredelemnul.
  1817 | D:2      | Found an iron altar of Okawaru.
  1818 | D:2      | Found a sacrificial altar of Ru.
  1819 | D:2      | Found a stormy altar of Qazlal.
  1822 | D:2      | Found a radiant altar of Vehumet.
  1982 | D:3      | Learned a level 3 spell: Mephitic Cloud
  2260 | D:3      | Reached skill level 1 in Conjurations
  2260 | D:3      | Reached XP level 5. HP: 9/32 MP: 6/9
  2276 | D:3      | HP: 1/32 [orc/trident (8)]
  3203 | D:3      | You fall through a shaft for 3 floors!
  3209 | D:6      | Found Kautt's Armour Emporium.
  3224 | D:5      | Entered Level 5 of the Dungeon
  3761 | D:4      | Reached XP level 6. HP: 21/37 MP: 6/11
  4528 | D:4      | Found an ancient bone altar of Kikubaaqudgha.
  4605 | D:4      | Found a snail-covered altar of Cheibriados.
  5141 | D:5      | Learned a level 4 spell: Olgreb's Toxic Radiance
  5180 | D:5      | Reached skill level 1 in Fighting
  5180 | D:5      | Reached XP level 7. HP: 12/43 MP: 3/13
  6011 | D:5      | Learned a level 1 spell: Sting
  6114 | D:6      | Noticed dvd's ghost (novice OpVM)
  6142 | D:6      | Reached skill level 1 in Axes
  6174 | D:6      | Noticed Duvessa
  6181 | D:6      | Noticed Dowan
  6181 | D:6      | Slain by Duvessa

Vault maps used:
D:1:      eino_arrival_water_cross, nrook_uturn
D:2:      minitemple, kennysheep_generic_room_9
D:4:      cheibriados_altar_wand_db, kiku_gazebo_garden_becter
D:5:      first_bread
D:6:      serial_shops, shop, wad_floor_pattern_1, uniq_duvessa

Skill      XL: |  1  2  3  4  5  6  7 |
---------------+----------------------+-----
Poison Magic   | 5 6 |  6.7
Stealth        | 3 |  3.7
Conjurations   | 1 2 |  2.4
Spellcasting   | 3 4 |  4.0
Fighting       | 1 |  1.0
Axes           | 1 |  1.1
Dodging        | 3 |  3.1
Shields        | |  0.2
Unarmed Combat | |  0.4

Action                   |  1- 3 |  4- 6 |  7- 9 || total
-------------------------+-------+-------+-------++-------
Melee: Unarmed           |    24 |    17 |       ||    41
       War axe           |       |    35 |    12 ||    47
 Cast: Sting             |    66 |    89 |     8 ||   163
       Cure Poison       |       |     3 |     1 ||     4
       Mephitic Cloud    |       |     4 |     3 ||     7
       Olgreb's Toxic Ra |       |     1 |       ||     1
  Use: Potion            |       |     1 |       ||     1
       Scroll            |       |       |    11 ||    11
  Eat: Chunk             |     3 |     6 |     1 ||    10
       Meat ration       |       |     1 |       ||     1
       Beef jerky        |       |       |     2 ||     2
